 Dungeon Crawl Stone Soup version 0.30-a0-715-gdb4ae3ece1 (webtiles) character file.

Game seed: 12597841108824039554

56475 Majang the Thaumaturge (level 14, -6/94 HPs)
             Began as an Octopode Ice Elementalist on Jan 23, 2023.
             Was a High Priest of Vehumet.
             Shot with a sling bullet by a minotaur (18 damage)
             ... in a Gauntlet on Jan 24, 2023.
             The game lasted 02:15:47 (21031 turns).

Majang the Thaumaturge (Octopode Ice Elementalist) Turns: 21031, Time: 02:15:47

Health: -6/94      AC:  4    Str: 26    XL:     14   Next: 81%
Magic:  29/40      EV: 16    Int: 26    God:    Vehumet [*****.]
Gold:   1516       SH:  0    Dex: 13    Spells: 11/38 levels left

rFire   . . .      SeeInvis .    a - staff of cold
rCold   + . .      Faith    .    (no shield)
rNeg    . . .      Spirit   .    w - +3 hat of Pondering {ponderous, Will+ MP+10 Int+5}
rPois   +          Reflect  .    J - amulet of Huhugiuck {Fly Regen+}
rElec   .          Harm     .    i - ring of poison resistance
rCorr   .          Rampage  .    x - +6 ring of strength
Will    ++...      NoTele   +    B - +6 ring of strength
Stlth   ++++                     p - ring of flight
HPRegen 1.15/turn                I - +6 ring of strength
MPRegen 0.27/turn                (no ring)
                                 (no ring)
                                 (no ring)

@: flying, slow
A: almost no armour, amphibious, 8 rings, camouflage 1, gelatinous body 1,
(nimble swimmer 1), tentacles
a: Renounce Religion


You were in a Gauntlet.
You worshipped Vehumet.
Vehumet was extremely pleased with you.
You visited 3 branches of the dungeon, and saw 17 of its levels.
You also visited: Gauntlet.

You collected 1876 gold pieces.
You spent 360 gold pieces at shops.

Inventory:

Hand Weapons
 b - a +2 demon whip of venom
Armour
 w - the +3 hat of Pondering (worn) {ponderous, Will+ MP+10 Int+5}
   (You took it off Gastronok on level 3 of the Lair of Beasts)

   Int:       It affects your intelligence (+5).
   MP:        It affects your magic capacity (+10).
   Will:      It increases your willpower.
Magical Staves
 a - a staff of cold (weapon)
Jewellery
 i - a ring of poison resistance (left tentacle)
 p - a ring of flight (on tentacle)
 x - a +6 ring of strength (right tentacle)
 B - a +6 ring of strength (on tentacle)
 I - a +6 ring of strength (on tentacle)
 J - the amulet of Huhugiuck (around mantle) {Fly Regen+}
   (You found it in a Gauntlet)

   [amulet of regeneration]

   Fly:       It grants you flight.
   Regen:     It increases your rate of health regeneration.
Wands
 e - a wand of polymorph (8)
 h - a wand of iceblast (5)
 j - a wand of acid (7)
 t - a wand of charming (8)
 v - a wand of digging (20)
 z - a wand of flame (8)
Scrolls
 d - a scroll of amnesia
 l - 3 scrolls of teleportation
 q - 4 scrolls of fog
 u - 2 scrolls of poison
 y - 2 scrolls of blinking
 A - 5 scrolls of identify
 C - 2 scrolls of magic mapping
 F - 5 scrolls of fear
 G - 3 scrolls of immolation
Potions
 c - 9 potions of curing
 f - 5 potions of flight
 g - 3 potions of magic
 k - 3 potions of lignification
 m - 4 potions of mutation
 n - 2 potions of haste
 o - a potion of ambrosia
 r - a potion of brilliance
 D - a potion of invisibility
 E - 2 potions of heal wounds
 K - a potion of might {unknown}
Miscellaneous
 H - a phantom mirror


   Skills:
 + Level 8.1 Fighting
 + Level 7.8 Staves
 + Level 8.3 Dodging
 - Level 7.0 Stealth
 * Level 12.5 Spellcasting
 + Level 6.9 Conjurations
 - Level 4.0 Summonings
 + Level 10.3 Ice Magic
 * Level 8.2 Air Magic
 + Level 8.7 Evocations


You had 11 spell levels left.
You knew the following spells:

 Your Spells              Type           Power      Damage    Failure   Level
a - Ozocubu's Armour      Ice            81%        N/A       1%          3
b - Summon Ice Beast      Ice/Summ       69%        N/A       1%          4
c - Freezing Cloud        Conj/Ice/Air   37%        6-21      1%          5
f - Freeze                Ice            100%       1d10      1%          1
h - Hailstorm             Conj/Ice       75%        3d15      1%          3
m - Mephitic Cloud        Conj/Pois/Air  42%        N/A       1%          3
r - Frozen Ramparts       Ice            100%       1d16      1%          3
s - Summon Lightning Spi  Summ/Air       48%        N/A       3%          4
z - Shock                 Conj/Air       100%       1d9       1%          1

Your spell library contained the following spells:

 Spells                   Type           Power      Damage    Failure   Level
 Iskenderun's Battlesphe  Conj           51%        2d10      1%          5
 Magic Dart               Conj           100%       1d8       1%          1
 Summon Small Mammal      Summ           100%       N/A       1%          1
 Call Imp                 Summ           37%        N/A       1%          2
 Searing Ray              Conj           100%       2d8       1%          2
 Kindle Blastsparks       Fire/Tloc/Air  60%        2d15      1%          3
 Fulminant Prism          Conj/Hex       17%        3d10      2%          4
 Apportation              Tloc           32%        N/A       3%          1
 Necrotise                Necr           64%        1d7       3%          1
 Ignite Poison            Fire/Tmut/Pois 16%        N/A       3%          3
 Inner Flame              Hex/Fire       16%        N/A       3%          3
 Summon Guardian Golem    Hex/Summ       26%        N/A       4%          3
 Cause Fear               Hex            8%         N/A       34%         4
 Orb of Destruction       Conj           25%        9d9       41%         7
 Spellforged Servitor     Conj/Summ      22%        N/A       58%         7
 Maxwell's Capacitive Co  Air            28%        ∞         86%         8
 Storm Form               Tmut/Air       18%        N/A       99%         7
 Discord                  Hex            8%         N/A       100%        8


Dungeon Overview and Level Annotations

Branches:
Dungeon (11/15)            Temple (1/1) D:5            Lair (5/5) D:9
  Swamp (0/4) Lair:2       Spider (0/4) Lair:3        Slime (0/5) Lair:5
Gauntlet (1/1)
    Orc: D:9-12

Altars:
Ashenzari
Cheibriados
Dithmenos
Elyvilon
Fedhas
Gozag
Hepliaklqana
Kikubaaqudgha
Makhleb
Nemelex Xobeh
Okawaru
Qazlal
Ru
Sif Muna
Trog
Uskayaw
Vehumet
Wu Jian
Xom
Yredelemnul
Zin
The Shining One

Shops:
D:5 !   D:9 [   D:10 ?

Portals:
Hell: Lair:5

Annotations:
Lair:3 1 transporter, vilexx's ghost, journeyman GrEE Gauntlet 10 transporters, 12 runed translucent doors, exclusions: ice statue and lightning spire


Innate Abilities, Weirdness & Mutations

You cannot wear most types of armour.
You are amphibious.
You can wear up to eight rings at the same time.
Your skin changes colour to match your surroundings (Stealth+).
Your rubbery body absorbs attacks. (AC +1, EV +1)
((You are camouflaged when in or above water. (Stealth+)))
You have tentacles for arms and can constrict up to eight enemies at once.


Message History

Your ice beast disappears in a puff of smoke!
Casting: Summon Ice Beast (mildly dangerous; 1% risk of failure)
Confirm with . or Enter, or press ? or * to list all spells.
Aiming: Freezing Cloud (dangerous; 1% risk of failure)
Press: ? - help, Dir - move target You feel a surge of power!
That beam is likely to hit you.
Continue anyway?
You are engulfed in freezing vapours.
You resist.
The minotaur is engulfed in freezing vapours.
The minotaur shoots a sling bullet.
The sling bullet hits you! The sling bullet burns you.
Casting: Freezing Cloud (dangerous; 1% risk of failure)
Confirm with . or Enter, or press ? or * to list all spells.
You feel a surge of power! A chill wind blows around you.
The minotaur blocks your ice beast's attack.
The minotaur is engulfed in freezing vapours.
The minotaur shoots a sling bullet.
The sling bullet hits your ice beast!! The sling bullet melts your ice beast.
Your ice beast hits the minotaur but does no damage.
The minotaur is engulfed in freezing vapours.
The minotaur shoots a sling bullet.
The sling bullet closely misses your ice beast.
The sling bullet hits you!! The sling bullet burns you!
The minotaur blocks your ice beast's attack.
The minotaur shoots a sling bullet.
The sling bullet hits your ice beast! The sling bullet melts your ice beast.
Your ice beast dies!
Your ice beast disappears in a puff of smoke!
Casting: Summon Ice Beast (mildly dangerous; 1% risk of failure)
Confirm with . or Enter, or press ? or * to list all spells.
You feel a surge of power! A chill wind blows around you.
The minotaur is engulfed in freezing vapours.
The minotaur shoots a sling bullet.
The sling bullet hits your ice beast!! The sling bullet melts your ice beast!
The minotaur shoots a sling bullet.
The sling bullet barely misses your ice beast.
The sling bullet hits you!!!
* * * LOW HITPOINT WARNING * * *
The sling bullet burns you!!
You die...

.©.+..#..# ...+^.#..#
+#'#++#..#####
...'..#..#≈8≈#
...'..#..#...##########
...#''####.8.#........####
+++#..#©.....#.###.##....#
......####.8.#.#....####.#
.§"(..#..#...#.#@##....#.#
#######..#.8.#.#.# ###.#.#
........≈#...#.#Y# ##.#
........∩#.8...#.# .#.#
.......§≈#...#.#.# .#.#
#######..#.8.#.#.#####H#.#
)h=h..#..#...#.#§##....#.#
.8^#..####.8.#.#§H..####.#
#####.#©.....#.######....#


You could see a minotaur (ally target, reflecting) and a friendly ice beast
(summoned).

Vanquished Creatures
  Gastronok (Lair:3)
  2 hydras (Lair:4)
  Harold (Lair:2)
  A catoblepas (Lair:2)
  A boulder beetle (Lair:5)
  A two-headed ogre (D:8)
  5 death yaks
  A wizard (Lair:5)
  Pikel (D:6)
  A necromancer (Gauntlet)
  3 oklob plants
  3 black mambas
  2 torpor snails (Lair:5)
  An unseen horror (D:11)
  2 orange demons
  Maggie (D:7)
  23 cane toads
  6 komodo dragons
  5 rime drakes
  3 red devils (Lair:5)
  A troll (D:10)
  3 hornets
  3 polar bears
  Prince Ribbit (D:7)
  A raiju (Gauntlet)
  24 blink frogs
  7 dream sheep (Lair:5)
  A shadow (D:9)
  5 wyverns
  17 yaks
  A wraith (D:9)
  7 basilisks
  Eustachio (D:6)
  2 steam dragons
  An acid dragon (D:10)
  16 water moccasins
  3 hell hounds (Lair:5)
  2 orc warriors
  4 black bears
  A sky beast (D:8)
  An ice beast (D:5)
  2 ogres
  18 wolves
  A centaur (D:9)
  A lemure (D:6)
  A phantom (D:4)
  6 kobold brigands
  4 scorpions
  15 bullfrogs
  2 gnoll sergeants (D:9)
  2 necrophages
  6 wights
  12 killer bees
  5 electric eels
  3 howler monkeys (D:7)
  A nameless horror (Lair:2)
  6 hounds
  3 gnoll boudas
  5 orc priests
  5 jellies
  2 iguanas
  7 orc wizards
  5 hell rats (Lair:5)
  2 lightning spires (Gauntlet)
  10 adders
  20 gnolls
  A white imp (D:7)
  An ufetubus (D:7)
  A worm (D:2)
  A dart slug (D:1)
  24 orcs
  2 ball pythons
  2 bats
  11 endoplasms
  6 giant cockroaches
  10 goblins
  6 hobgoblins
  7 jackals
  25 kobolds
  3 quokkas
  4 frilled lizards
  3 rats
  A bush (D:4)
  A butterfly (D:6)
  2 toadstools (D:1)
421 creatures vanquished.

Vanquished Creatures (collateral kills)
  A hydra (Lair:2)
  5 death yaks
  A sun demon (Lair:5)
  Amaemon (Lair:3)
  A cyclops (D:11)
  4 black mambas
  2 orange demons (Lair:5)
  3 cane toads
  3 rime drakes
  A komodo dragon (Lair:5)
  8 blink frogs
  A polar bear (Lair:2)
  A hellwing (Lair:5)
  6 yaks
  2 basilisks
  3 water moccasins (Lair:2)
  An orc warrior (D:10)
  An ogre (D:5)
  4 wolves
  2 bullfrogs
  A killer bee (D:7)
  An orc priest (D:9)
  A jelly (Lair:5)
  2 hell rats (Lair:5)
  An orc wizard (D:9)
  A shadow imp (D:7)
  A white imp (D:6)
  2 orcs (D:10)
61 creatures vanquished.

Vanquished Creatures (others)
  32 fungi
  70 plants
  2 toadstools (D:1)
  21 withered plants (Gauntlet)
125 creatures vanquished.

Grand Total: 607 creatures vanquished

Notes
Turn   | Place    | Note
-------+----------+-------------------------------------------
     0 | D:1      | Majang the Octopode Ice Elementalist began the quest for
                  | the Orb.
     0 | D:1      | Reached XP level 1. HP: 11/11 MP: 3/3
   128 | D:1      | Reached XP level 2. HP: 9/17 MP: 0/5
   707 | D:1      | Reached XP level 3. HP: 20/21 MP: 5/7
   739 | D:1      | Learned a level 3 spell: Ozocubu's Armour
   743 | D:1      | Learned a level 3 spell: Frozen Ramparts
   989 | D:2      | Reached skill level 3 in Spellcasting
  1503 | D:2      | Reached XP level 4. HP: 25/27 MP: 7/9
  2242 | D:3      | Found a white marble altar of Elyvilon.
  2334 | D:3      | Reached skill level 4 in Spellcasting
  2334 | D:3      | Reached XP level 5. HP: 31/31 MP: 6/11
  2557 | D:3      | Found a faded altar of an unknown god.
  2751 | D:3      | Reached skill level 5 in Ice Magic
  2755 | D:3      | Reached XP level 6. HP: 16/36 MP: 2/13
  3016 | D:3      | Found a hazy altar of Hepliaklqana.
  3217 | D:4      | Reached skill level 5 in Spellcasting
  3384 | D:4      | Reached XP level 7. HP: 34/41 MP: 4/15
  3869 | D:4      | Reached skill level 6 in Spellcasting
  4662 | D:5      | Entered Level 5 of the Dungeon
  4918 | D:5      | Found a staircase to the Ecumenical Temple.
  4943 | Temple   | Entered the Ecumenical Temple
  5038 | D:5      | Learned a level 4 spell: Summon Ice Beast
  5071 | D:5      | Reached XP level 8. HP: 46/46 MP: 7/18
  5155 | D:5      | Found Ypufea's Distillery.
  5164 | D:5      | Bought a potion of curing for 33 gold pieces
  5164 | D:5      | Bought a potion of degeneration for 11 gold pieces
  5164 | D:5      | Bought a potion of curing for 33 gold pieces
  5164 | D:5      | Bought a potion of curing for 33 gold pieces
  5164 | D:5      | Bought a potion of curing for 33 gold pieces
  5323 | D:5      | Reached skill level 7 in Spellcasting
  5514 | D:5      | Reached skill level 1 in Fighting
  5514 | D:5      | Reached skill level 1 in Evocations
  5781 | D:6      | Found an ancient bone altar of Kikubaaqudgha.
  6124 | D:6      | Found a shimmering altar of Xom.
  6196 | D:6      | Noticed Pikel
  6205 | D:6      | Killed Pikel
  6206 | D:6      | Reached skill level 1 in Staves
  6206 | D:6      | Reached XP level 9. HP: 55/55 MP: 12/20
  6285 | D:6      | Noticed Eustachio
  6293 | D:6      | Killed Eustachio
  6294 | D:6      | Reached skill level 8 in Spellcasting
  6422 | D:6      | Noticed a nameless horror
  7306 | D:7      | Noticed a hornet
  7308 | D:7      | Noticed Maggie
  7311 | D:7      | Killed Maggie
  7312 | D:7      | Reached skill level 5 in Stealth
  7319 | D:7      | Reached XP level 10. HP: 48/63 MP: 9/22
  7327 | D:7      | Noticed Prince Ribbit
  7338 | D:7      | Killed Prince Ribbit
  7565 | D:7      | Learned a level 2 spell: Searing Ray
  7998 | D:8      | Reached skill level 9 in Spellcasting
  8203 | D:8      | Reached skill level 1 in Conjurations
  8203 | D:8      | Reached skill level 1 in Summonings
  8242 | D:8      | Noticed a two-headed ogre
  8248 | D:8      | Killed a two-headed ogre
  8493 | D:8      | Found a bloodstained altar of Trog.
  8505 | D:8      | Reached skill level 5 in Dodging
  8956 | D:9      | Found an opulent altar of Gozag.
  8989 | D:9      | Found a glowing silver altar of Zin.
  9069 | D:9      | Found a sparkling altar of Nemelex Xobeh.
  9069 | D:9      | Found a faded altar of an unknown god.
  9075 | D:9      | Found a blossoming altar of Fedhas.
  9077 | D:9      | Found a radiant altar of Vehumet.
  9078 | D:9      | Found a glowing golden altar of the Shining One.
  9082 | D:9      | Became a worshipper of Vehumet
  9266 | D:9      | Reached XP level 11. HP: 70/70 MP: 17/24
  9275 | D:9      | Reached skill level 5 in Evocations
  9396 | D:9      | Found a staircase to the Lair.
  9737 | D:9      | Reached * piety under Vehumet
  9737 | D:9      | Offered knowledge of Kiss of Death by Vehumet.
  9881 | D:9      | Found Jenaef's Antique Armour Shoppe.
 10070 | Lair:1   | Entered Level 1 of the Lair of Beasts
 10164 | Lair:1   | Learned a level 4 spell: Summon Lightning Spire
 10460 | Lair:1   | Reached skill level 1 in Air Magic
 10463 | Lair:1   | Reached skill level 5 in Fighting
 10992 | Lair:2   | Reached skill level 10 in Spellcasting
 11068 | Lair:2   | Offered knowledge of Shock by Vehumet.
 11069 | Lair:2   | Reached skill level 5 in Staves
 11072 | Lair:2   | Reached ** piety under Vehumet
 11075 | Lair:2   | Learned a level 1 spell: Shock
 11512 | Lair:2   | Reached XP level 12. HP: 57/77 MP: 26/26
 11609 | Lair:2   | Found a staircase to the Swamp.
 11899 | Lair:2   | Noticed Harold
 11912 | Lair:2   | Killed Harold
 12649 | Lair:2   | Offered knowledge of Ignite Poison by Vehumet.
 13098 | Lair:2   | Noticed a four-headed hydra
 13113 | Lair:2   | Killed a four-headed hydra
 13228 | Lair:2   | Noticed a catoblepas
 13371 | Lair:2   | Killed a catoblepas
 13422 | Lair:2   | Reached *** piety under Vehumet
 13564 | Lair:3   | Noticed Amaemon
 13574 | Lair:3   | Reached skill level 11 in Spellcasting
 13575 | Lair:3   | Killed Amaemon
 13761 | Lair:3   | Noticed a death yak
 13775 | Lair:3   | Reached skill level 5 in Conjurations
 13868 | Lair:3   | Noticed a death yak
 13875 | Lair:3   | Noticed a death yak
 13876 | Lair:3   | Noticed a death yak
 13877 | Lair:3   | Noticed a death yak
 13878 | Lair:3   | Killed a death yak
 13879 | Lair:3   | Reached XP level 13. HP: 84/84 MP: 17/28
 13892 | Lair:3   | Reached skill level 5 in Air Magic
 14187 | Lair:3   | Learned a level 5 spell: Freezing Cloud
 14295 | Lair:3   | Noticed Gastronok
 14305 | Lair:3   | Killed Gastronok
 14432 | Lair:3   | Found a hole to the Spider Nest.
 14579 | Lair:3   | Found a transporter.
 14580 | Lair:3   | Noticed vilexx's ghost (journeyman GrEE)
 14592 | Lair:3   | Found a transporter.
 15026 | Lair:4   | Offered knowledge of Mephitic Cloud by Vehumet.
 15072 | Lair:4   | Learned a level 3 spell: Mephitic Cloud
 15539 | Lair:4   | Found a blossoming altar of Fedhas.
 16344 | Lair:4   | Reached **** piety under Vehumet
 16531 | Lair:5   | Entered Level 5 of the Lair of Beasts
 16568 | Lair:5   | Offered knowledge of Iskenderun's Mystic Blast by Vehumet.
 16720 | Lair:5   | Found a staircase to the Slime Pits.
 16762 | Lair:5   | Reached XP level 14. HP: 92/92 MP: 29/29
 16977 | Lair:5   | Reached skill level 12 in Spellcasting
 16977 | Lair:5   | Reached skill level 10 in Ice Magic
 17332 | Lair:5   | Reached ***** piety under Vehumet
 17451 | Lair:5   | Offered knowledge of Iskenderun's Battlesphere by Vehumet.
 17777 | Lair:5   | Learned a level 3 spell: Hailstorm
 18290 | Lair:5   | Found a burning altar of Makhleb.
 18467 | Lair:5   | Found a gateway to Hell.
 19134 | D:10     | Entered Level 10 of the Dungeon
 19282 | D:10     | Found a sacrificial altar of Ru.
 19291 | D:10     | Found a stormy altar of Qazlal.
 19291 | D:10     | Found a basalt altar of Yredelemnul.
 19563 | D:10     | Found Ykaity's Magic Scroll Shoppe.
 19567 | D:10     | Bought a scroll of magic mapping for 105 gold pieces
 19567 | D:10     | Bought a scroll of identify for 28 gold pieces
 19567 | D:10     | Bought a scroll of identify for 28 gold pieces
 19567 | D:10     | Bought a scroll of identify for 28 gold pieces
 19567 | D:10     | Bought a scroll of identify for 28 gold pieces
 19857 | D:11     | Found a gate leading to a gauntlet.
 19953 | Gauntlet | Entered a Gauntlet
 19953 | Gauntlet | Found a transporter.
 19953 | Gauntlet | Found a transporter.
 19957 | Gauntlet | Found a transporter.
 19966 | Gauntlet | Found a transporter.
 19982 | Gauntlet | Found a transporter.
 19986 | Gauntlet | Found a transporter.
 20033 | Gauntlet | Found a transporter.
 20047 | Gauntlet | Found a transporter.
 20060 | Gauntlet | Found a transporter.
 20192 | Gauntlet | Found a transporter.
 20208 | Gauntlet | Found a transporter.
 20219 | Gauntlet | Found a transporter.
 20221 | Gauntlet | Found a large runed translucent door.
 20221 | Gauntlet | Found a large runed translucent door.
 20222 | Gauntlet | Found a large runed translucent door.
 20222 | Gauntlet | Found a large runed translucent door.
 20223 | Gauntlet | Found a large runed translucent door.
 20223 | Gauntlet | Found a large runed translucent door.
 20223 | Gauntlet | Found a runed translucent door.
 20223 | Gauntlet | Found a runed translucent door.
 20224 | Gauntlet | Found a large runed translucent door.
 20225 | Gauntlet | Found a large runed translucent door.
 20226 | Gauntlet | Found a large runed translucent door.
 20227 | Gauntlet | Found a large runed translucent door.
 20232 | Gauntlet | Found a large runed translucent door.
 20232 | Gauntlet | Found a large runed translucent door.
 20233 | Gauntlet | Found a large runed translucent door.
 20233 | Gauntlet | Found a large runed translucent door.
 20233 | Gauntlet | Found a large runed translucent door.
 20233 | Gauntlet | Found a large runed translucent door.
 20236 | Gauntlet | Found a runed translucent gate.
 20236 | Gauntlet | Found a runed translucent gate.
 20236 | Gauntlet | Found a runed translucent gate.
 20238 | Gauntlet | Found a transporter.
 20323 | Gauntlet | Found a transporter.
 20331 | Gauntlet | Found a transporter.
 20363 | Gauntlet | Found a transporter.
 20825 | Gauntlet | Identified the amulet of Huhugiuck {Fly Regen+}
 20936 | Gauntlet | Identified the +8 sling of Ucsamuiz {flame, +Blink rElec
                  | rPois}
 21031 | Gauntlet | Shot with a sling bullet by a minotaur

Illustrated notes

Levels and vault maps discovered:
D:1:      giann_forest_graveyard, layout_basic, nicolae_eternal_life,
          st_stairs_5, minmay_gold_behind_fungi
D:2:      layout_basic
D:3:      layout_rooms, nicolae_elyvilon_peaceful_grove,
          worldfamousw_hep_ancestral_shrine, hellmonk_ecumenical_altar_lost_god
D:4:      layout_loops_ring, serial_forest, infiniplex_forest_clump_diagonal,
          infiniplex_forest_lined_2, infiniplex_forest_end_3,
          infiniplex_forest_pool, infiniplex_forest_lined_corner,
          infiniplex_forest_lined_ring, infiniplex_forest_clump_tiny,
          infiniplex_forest_clump_diagonal, infiniplex_forest_lined_3_way
D:5:      layout_cave_pools, temple_doors_e, serial_shops,
          nicolae_lakefront_shop, corexii_leaking_fountain
D:6:      layout_loops_ring, xom_butterflies, old_standard_altar,
          uniq_eustachio, uniq_pikel
D:7:      layout_rooms, nicolae_grassy_gnolls, uniq_prince_ribbit1, uniq_maggie
D:8:      minmay_polygon_palace, layout_loops_ring, trog_ov_bears_minmay
D:9:      layout_roguey, pdpol_temple_overflow_zin_treasury_gozag_greed,
          chequers_temple_overflow_minitemple, dpeg_oklobed_lair, serial_shops,
          nicolae_shop_trees, blue_anna_alchemist
D:10:     layout_irregular_city, chequers_temple_overflow_statue_of_worship,
          serial_shops, nicolae_shop_hallway_stairs, st_stairs_2, minivault_23
D:11:     layout_loops_cross, serial_shops, nicolae_shop_stone,
          gauntlet_entry_generic, chequers_serial_rivers_small_3
Temple:   hellmonk_temple_of_storms
Lair:1:   layout_concentric_octagons, st_stairs_12
Lair:2:   nzn_winding_woodlands_stair_trap [nzn_winding_woodlands_5x15_crooked,
          nzn_winding_woodlands_5x15_pathside_ponds,
          nzn_winding_woodlands_5x15_concentric,
          nzn_winding_woodlands_15x15_killbox,
          nzn_winding_woodlands_5x15_pockets, nzn_winding_woodlands_5x15_cabin,
          nzn_winding_woodlands_5x15_jagged], layout_long_grid,
          minmay_swamp_entry_eels, beast_lair_carwin_3, grunt_megastairs_3,
          uniq_harold
Lair:3:   layout_small_grid, spider_nest_entry_web_field, nzn_ghost_randoct,
          chequers_serial_rivers_micro_d, infiniplex_staircase_pool,
          serial_bayou_shore_a, uniq_gastronok, uniq_amaemon
Lair:4:   layout_cave_pods, hangedman_tree_tricks
Lair:5:   evil_forest, layout_cave_shapes, nicolae_slime_entry_field_trip
Gauntlet: gammafunk_gauntlet_branching [gammafunk_gauntlet_arena_hedges,
          gammafunk_gauntlet_arena_crates, nicolae_gauntlet_arena_blocks,
          gammafunk_gauntlet_arena_teeth, gammafunk_gauntlet_arena_split_x,
          nicolae_gauntlet_arena_x, minmay_gauntlet_arena_make_your_own_arena,
          gammafunk_gauntlet_arena_chambers, dreamdust_gauntlet_exit_labyrinth]

Skill      XL: |  1  2  3  4  5  6  7  8  9 10 11 12 13 14 |
---------------+-------------------------------------------+-----
Spellcasting   | 3 4 5 6 7 8 9 10 11 12 | 12.5
Ice Magic      | 5 6 7 8 9 10 | 10.3
Fighting       | 2 3 4 5 6 7 8 |  8.1
Evocations     | 2 3 4 5 7 8 |  8.7
Stealth        | 3 5 6 7 |  7.0
Dodging        | 3 4 5 6 7 8 |  8.3
Staves         | 1 3 4 5 6 7 |  7.8
Conjurations   | 2 3 5 6 |  6.9
Summonings     | 2 3 4 |  4.0
Air Magic      | 2 4 6 8 |  8.2

Action                     |  1- 3 |  4- 6 |  7- 9 | 10-12 | 13-15 || total
---------------------------+-------+-------+-------+-------+-------++-------
  Melee: Unarmed           |    10 |       |       |       |       ||    10
         Constrict         |    19 |    10 |    14 |    36 |    10 ||    89
         Tentacles         |    13 |     6 |    33 |    39 |    21 ||   112
         Whip              |    34 |    40 |   124 |    97 |     5 ||   300
         Dagger            |     3 |       |       |       |       ||     3
         Punch             |       |     1 |     1 |     2 |     1 ||     5
         Staff             |       |       |     7 |    39 |    60 ||   106
   Cast: Freeze            |    25 |     8 |    17 |    63 |    24 ||   137
         Frozen Ramparts   |     3 |    20 |    42 |    70 |    43 ||   178
         Ozocubu's Armour  |     1 |     6 |    26 |    53 |    28 ||   114
         Summon Ice Beast  |       |       |     5 |    24 |    43 ||    72
         Searing Ray       |       |       |       |     5 |     1 ||     6
         Summon Lightning  |       |       |       |    14 |     3 ||    17
         Freezing Cloud    |       |       |       |       |   104 ||   104
         Mephitic Cloud    |       |       |       |       |     4 ||     4
         Hailstorm         |       |       |       |       |    17 ||    17
  Evoke: Wand              |       |     2 |     3 |    15 |     4 ||    24
    Use: Potion            |       |     1 |       |     2 |     1 ||     4
         Scroll            |       |       |    12 |    13 |     5 ||    30
   Stab: Sleeping          |     7 |     1 |     2 |       |       ||    10
 Armour: Skin              |     2 |     4 |    18 |    44 |    30 ||    98
  Dodge: Dodged            |    27 |    35 |    48 |   126 |    87 ||   323

Table legend: (Time is in decaauts)
 A = Elapsed time spent in this place.
 B = Non-inter-level travel time spent in this place.
 C = Inter-level travel time spent in this place.
 D = Time resting spent in this place.
 E = Time spent auto-exploring this place.
 F = Levels seen in this place.
 G = Mean time per level.
                   A        B        C        D        E       F      G
               +--------+--------+--------+--------+--------+-----+--------+
         Total |  21385 |  19986 |   1399 |   7312 |   5102 |  18 | 1188.1 |
       Dungeon |  10963 |  10616 |    347 |   3066 |   4468 |  11 |  996.6 |
        Temple |     41 |     41 |      0 |      0 |      0 |   1 |   41.0 |
          Lair |   9234 |   8183 |   1051 |   3954 |    634 |   5 | 1846.8 |
      Gauntlet |   1145 |   1145 |      0 |    292 |      0 |   1 | 1145.0 |
               +--------+--------+--------+--------+--------+-----+--------+

Top non-repeatable levels by time:
  Lair:2: 2661 daAuts
  Lair:5: 2107 daAuts
  Lair:4: 1851 daAuts
  Lair:3: 1666 daAuts
     D:4: 1518 daAuts
     D:6: 1208 daAuts
     D:2: 1200 daAuts
     D:8: 1183 daAuts
     D:9: 1177 daAuts
Gauntlet: 1145 daAuts
     D:1: 1003 daAuts
     D:3: 998 daAuts
     D:5: 976 daAuts
  Lair:1: 948 daAuts
     D:7: 827 daAuts
